 Dungeon Crawl Stone Soup version 0.20-a0-870-g4070442 (webtiles) character file.

90 4thArraOfDagon the Skirmisher (level 4, 0/37 HPs)
             Began as a Demonspawn Wanderer on Mar 13, 2017.
             Was a Follower of Cheibriados.
             Slain by a hobgoblin
             ... wielding a +0 club
              (5 damage)
             ... on level 2 of the Dungeon.
             The game lasted 00:02:22 (502 turns).

4thArraOfDagon the Skirmisher (Demonspawn Wanderer)  Turns: 502, Time: 00:02:23

Health: 0/37       AC:  3    Str: 13    XL:     4   Next: 32%
Magic:  0/4        EV: 17    Int: 17    God:    Cheibriados [*.....]
Gold:   11         SH:  0    Dex: 23    Spells: 3/3 levels left

rFire    . . .     SeeInvis .     - Unarmed
rCold    . . .     Gourm    .   d - +0 robe
rNeg     . . .     Faith    .   (no shield)
rPois    .         Spirit   +   (helmet restricted)
rElec    .         Reflect  .   (no cloak)
rCorr    .         Harm     .   g - +0 pair of gloves
MR       .....                  (no boots)
Stlth    +++.......             (no amulet)
Regen    0.2/turn               (no ring)
MPRegen  0.1/turn               (no ring)

@: agile, lethally poisoned (0 -> -1), very slow
A: antennae 1, claws 1, talons 1, blurry vision 1, demonic guardian 1, screaming
1, magic shield
a: Bend Time, Renounce Religion


You were on level 2 of the Dungeon.
You worshipped Cheibriados.
Cheibriados was aware of your devotion.
You were not hungry.

You visited 1 branch of the dungeon, and saw 2 of its levels.

You collected 11 gold pieces.

Inventory:

Hand Weapons
 a - a +2 short sword
 b - a +0 quarterstaff
Armour
 d - a +0 robe (worn)
 g - a +0 pair of gloves (worn)
Scrolls
 e - a scroll of remove curse {unknown}
Comestibles
 f - 2 bread rations
 h - a royal jelly
 i - 2 fruits


   Skills:
 - Level 4.0 Fighting
 - Level 1.7 Short Blades
 - Level 1.0 Staves
 - Level 1.0 Throwing
 - Level 1.0 Dodging
 - Level 1.0 Stealth
 * Level 3.6 Unarmed Combat


You had 3 spell levels left.
You didn't know any spells.

Dungeon Overview and Level Annotations

Branches:
Dungeon (2/15)

Altars:
Cheibriados


Innate Abilities, Weirdness & Mutations

You have sharp fingernails.
A weak demonic guardian rushes to your aid.
When hurt, damage is shared between your health and your magic reserves.
You have a pair of small antennae on your head.
You have sharp toenails.
Scrolls take you a little longer to read.
You occasionally shout uncontrollably at your foes.


Message History

You see here a stone.
It was a potion of mutation.
You feel extremely strange.
You feel the urge to shout.
Your toenails lengthen and sharpen.
Your vision blurs.
A pair of antennae grows on your head!
The goblin shoots a stone.
The stone hits you.
* * * LOW HITPOINT WARNING * * *
It was a potion of agility.
You feel agile all of a sudden.
The goblin shoots a stone.
The stone barely misses you.
Unknown command.
You feel sick.
You closely miss the goblin.
The goblin is heavily wounded.
The goblin unwields an uncursed hunting sling.
The goblin wields an uncursed club.
The goblin barely misses you.
You hit the goblin.
You kill the goblin!
Cheibriados appreciates the change of pace.
You hit the hobgoblin but do no damage. The hobgoblin hits you with a club.
You die...

.g.g... ....g..#### ###
..g.S.....# ...
..........# ###
.......(..# ########
.......#.## ######.......
.......#.# #......######
########.#########.######
#...)g@...((#
#############


You could see a hobgoblin.

Vanquished Creatures
  Jessica (D:2)
  3 adders (D:2)
  A worm (D:2)
  2 dart slugs
  2 ball pythons (D:1)
  A bat (D:2)
  A giant cockroach (D:2)
  6 goblins
  2 hobgoblins (D:2)
  5 jackals
  2 quokkas (D:2)
  2 kobolds (D:2)
  3 rats
31 creatures vanquished.

Vanquished Creatures (others)
  A worm (D:2)
  A goblin (D:2)
2 creatures vanquished.

Grand Total: 33 creatures vanquished

Notes
Turn   | Place    | Note
-------+----------+-------------------------------------------
     0 | D:1      | 4thArraOfDagon the Demonspawn Wanderer began the quest for the Orb.
     0 | D:1      | 4thArraOfDagon set off with: a +2 short sword, a +0 quarterstaff, a potion of curing, a +0 robe, a bread ration
     0 | D:1      | Reached XP level 1. HP: 19/19 MP: 1/1
    40 | D:2      | Noticed Jessica
    47 | D:2      | Killed Jessica
    47 | D:2      | Gained mutation: You have sharp fingernails. [demonic ancestry]
    47 | D:2      | Reached XP level 2. HP: 22/25 MP: 2/2
    74 | D:2      | Gained mutation: When hurt, damage is shared between your health and your magic reserves. [demonic ancestry]
    74 | D:2      | Reached XP level 3. HP: 28/30 MP: 3/3
    99 | D:2      | Found a snail-covered altar of Cheibriados.
   107 | D:2      | Became a worshipper of Cheibriados the Contemplative
   258 | D:1      | Reached * piety under Cheibriados
   271 | D:1      | Gained mutation: A weak demonic guardian rushes to your aid. [demonic ancestry]
   271 | D:1      | Reached XP level 4. HP: 25/37 MP: 2/4
   497 | D:2      | Gained mutation: You occasionally shout uncontrollably at your foes. [potion of mutation]
   497 | D:2      | Gained mutation: You have sharp toenails. [potion of mutation]
   497 | D:2      | Gained mutation: Scrolls take you a little longer to read. [potion of mutation]
   497 | D:2      | Gained mutation: You have a pair of small antennae on your head. [potion of mutation]
   502 | D:2      | Slain by a hobgoblin

Vault maps used:
D:1:      zaba_arrival_water, hangedman_decor_clover_reticule
D:2:      lemuel_crystal_altar, fiery_altar_vehumet, lemuel_round_altar,
          lemuel_round_altar, first_bread, uniq_robin, uniq_jessica

Skill      XL: |  1  2  3 |
---------------+----------+-----
Unarmed Combat | 2 3 |  3.6
Fighting       | |  4.0
Short Blades   | |  1.7
Staves         | |  1.0
Throwing       | |  1.0
Dodging        | |  1.0
Stealth        | |  1.0

Action                   |  1- 3 |  4- 6 || total
-------------------------+-------+-------++-------
Melee: Short sword       |    15 |       ||    15
       Unarmed           |    57 |    62 ||   119
       Punch             |     1 |     1 ||     2
  Use: Potion            |     1 |     2 ||     3
 Stab: Sleeping          |       |     1 ||     1
Armor: Robe              |    14 |     6 ||    20
Dodge: Dodged            |    38 |    37 ||    75
